AoeStats
← Norbert PICIGETO Foster

Black Forest

509762123Analyzed
4v4 RM · 3d ago on Sep 27, 2026· 64m 4s· 8 players
Game mode
Random Map
Map size
Large (8 player)
Population
200
Speed
Normal
Resources
Standard
Victory
Conquest
Starting age
Dark Age
Ending age
Imperial Age
RankedLock teamsTeams togetherTeam positionsShared explorationLock speedFull tech treeHidden civsTurbo modeCheats
Victory
Defeat
🇦🇷 Danes · Argentina
809
+13
🇵🇹 Maya · Portugal
790
+13
🇨🇱 Mongols · Chile
777
+14
🇨🇱 Varangians · Chile
731
+16
🇺🇸 Malay · United States
804
-18
🇹🇷 Franks · Türkiye
718
-13
🇺🇸 Danes · United States
710
-13
🇲🇽 Teutons · Mexico
695
-12
Onox17
0:28 Loom
15:06 Feudal Age
15:52 Fishing Lines
18:50 Horse Collar
19:02 Double-Bit Axe
23:27 Bloodlines
24:18 Gold Mining
24:21 Stone Mining
29:27 Castle Age
33:50 Forging
33:31 Fletching
33:47 Scale Barding Armor
36:45 Wheelbarrow
35:56 Town Watch
38:09 Chain Barding Armor
38:24 Iron Casting
37:45 Bodkin Arrow
40:45 Imperial Age
38:14 Vendel Legacy
38:48 Arson
39:07 Squires
38:53 Gambesons
39:11 Husbandry
41:02 Bow Saw
42:00 Conscription
41:22 Elite Varangian Guard
42:17 Pikeman
42:27 Light Cavalry
43:09 Heavy Plow
52:59 Blast Furnace
51:59 Bracer
52:35 Plate Barding Armor
51:54 Gothikon
53:02 Murder Holes
53:28 Ballistics
54:10 Chemistry
60:06 Cavalier
KingBrun0
0:28 Loom
12:28 Feudal Age
16:03 Castle Age
14:01 Double-Bit Axe
15:14 Gold Mining
17:00 Wheelbarrow
16:59 Bow Saw
17:29 Wheelbarrow
19:39 Wheelbarrow
20:48 Horse Collar
23:02 Heavy Plow
25:15 Hand Cart
25:54 Stone Mining
26:34 Scale Mail Armor
33:31 Imperial Age
31:24 Chain Mail Armor
32:03 Eagle Warrior
32:31 Arson
32:53 Squires
34:47 Holcans
33:44 Elite Eagle Warrior
34:59 Plate Mail Armor
34:40 Forging
40:26 Iron Casting
55:44 Blast Furnace
Geltros
0:31 Loom
11:58 Feudal Age
12:49 Horse Collar
13:26 Man-at-Arms
13:38 Man-at-Arms
16:33 Double-Bit Axe
23:01 Castle Age
23:01 Scale Mail Armor
23:11 Forging
23:06 Padded Archer Armor
22:57 Fletching
23:59 Bow Saw
23:52 Stone Mining
23:56 Gold Mining
25:03 Heavy Plow
25:07 Gambesons
25:24 Squires
25:19 Arson
35:01 Imperial Age
37:13 Cranequins
38:17 Leather Archer Armor
37:57 Bodkin Arrow
38:18 Chain Mail Armor
38:38 Iron Casting
39:09 Elite Jomsviking
45:38 Hamask
46:58 Plate Mail Armor
47:28 Blast Furnace
46:59 Conscription
49:46 Heavy Mounted Crossbowman
50:36 Thumb Ring
49:52 Crossbowman
62:43 Pikeman
Jacrew
0:35 Loom
12:30 Feudal Age
15:19 Double-Bit Axe
20:50 Castle Age
20:38 Stone Mining
27:10 Fletching
27:57 Gold Mining
28:50 Bow Saw
29:40 Horse Collar
30:42 Gold Shaft Mining
31:44 Bodkin Arrow
32:51 Stone Shaft Mining
32:37 Fishing Lines
33:38 Padded Archer Armor
37:57 Imperial Age
36:05 Wheelbarrow
37:31 Ballistics
37:58 Hand Cart
37:49 Nomads
39:10 Conscription
39:19 Conscription
39:21 Drill
38:43 Heavy Scorpion
40:02 Pikeman
40:42 Squires
43:29 Siege Engineers
44:26 Chemistry
44:06 Leather Archer Armor
49:41 Heavy Plow
49:36 Gillnets
50:26 Fortified Wall
51:54 Drill
51:38 Nomads
51:59 Drill
53:41 Town Watch
56:04 Town Patrol
56:41 Heavy Camel Rider
57:22 Husbandry
56:43 Elite Steppe Lancer
58:41 Bloodlines
63:24 Forging
63:21 Scale Barding Armor
eric.ashmore
13:28 Feudal Age
14:44 Wheelbarrow
14:15 Double-Bit Axe
14:16 Horse Collar
27:11 Castle Age
26:48 Stone Mining
31:22 Scale Mail Armor
31:32 Forging
32:49 Squires
32:10 Pikeman
33:16 Bow Saw
37:18 Imperial Age
36:14 Hand Cart
38:52 Thumb Ring
39:29 Conscription
39:35 Elite Jomsviking
40:24 Town Watch
40:56 Scale Barding Armor
40:54 Padded Archer Armor
40:45 Fletching
41:33 Iron Casting
41:13 Chain Mail Armor
41:40 Stone Shaft Mining
40:55 Gold Mining
41:15 Heavy Plow
Alexisg0505
10:38 Loom
13:50 Feudal Age
14:35 Double-Bit Axe
19:44 Castle Age
23:18 Stone Mining
23:21 Gold Mining
26:07 Stone Shaft Mining
26:54 Pikeman
27:34 Squires
28:53 Bow Saw
31:44 Horse Collar
32:39 Loom
32:50 Gambesons
32:51 Arson
33:19 Forging
33:10 Scale Mail Armor
33:10 Padded Archer Armor
33:37 Ballistics
36:29 Imperial Age
35:39 Heavy Plow
38:34 Iron Casting
38:08 Scale Barding Armor
38:32 Conscription
40:27 Chemistry
39:38 Masonry
39:40 Cavalier
48:09 Blast Furnace
49:04 Elite Teutonic Knight
52:01 Chain Mail Armor
Norbert PICIGETO Foster
14:45 Feudal Age
16:11 Double-Bit Axe
16:16 Fishing Lines
23:42 Castle Age
25:19 Bow Saw
26:15 Gold Mining
27:59 Gold Shaft Mining
27:20 Gillnets
29:06 Stone Mining
33:31 Wheelbarrow
32:53 Ordonnance Companies
34:22 Fortified Wall
34:08 Murder Holes
34:35 Ballistics
37:08 Imperial Age
34:55 Masonry
34:25 Treadmill Crane
35:15 Hand Cart
36:18 Loom
37:17 Elite Throwing Axeman
38:08 Town Watch
39:14 Hoardings
39:00 Conscription
39:02 Caravan
39:49 Husbandry
39:10 Light Cavalry
39:11 Cavalier
41:27 Chivalry
42:51 Town Patrol
43:12 Paladin
51:59 Scale Barding Armor
52:05 Forging
60:55 Chemistry
60:01 Siege Engineers
XxMasterxX
0:31 Loom
18:17 Feudal Age
17:54 Double-Bit Axe
19:23 Fishing Lines
26:09 Town Watch
26:39 Forging
26:29 Padded Archer Armor
30:53 Castle Age
28:46 Gold Mining
28:49 Stone Mining
28:23 Man-at-Arms
28:49 Arson
29:12 Scale Barding Armor
28:57 Fletching
31:07 Gold Shaft Mining
31:11 Iron Casting
30:52 Leather Archer Armor
30:40 Husbandry
32:16 Stone Shaft Mining
35:48 Wheelbarrow
35:46 Gillnets
36:39 Bow Saw
38:25 Murder Holes
38:35 Bodkin Arrow
42:22 Imperial Age
40:36 Hand Cart
40:39 Caravan
42:55 Blast Furnace
42:25 Ring Archer Armor
49:01 Elite Battle Elephant
50:48 Chemistry
56:12 Conscription
56:01 Forced Levy
59:27 Pikeman
60:07 Squires
59:29 Long Swordsman
60:13 Light Cavalry
Connection lost

Rejoining the realm…

Still unreachable

The connection could not be restored.

Session expired

The server has moved on; the page needs a fresh start.